3L
ATHLETIC CLUB KC @ VANCOUVER GREY WOLVES
08/25/2042
 
TOP OF THE 1ST
Athletic Club KC batting - Pitching for Vancouver Grey Wolves : LHP Gerardo Pagán
Pitching: LHP Gerardo Pagán
Batting: RHB Ali Ben Bongo 0-0: Ball
1-0: Called Strike
1-1: Ball
2-1: Foul Ball, location: 2F
2-2: Foul Ball, location: 2F
2-2: Foul Ball, location: 2F
2-2: Foul Ball, location: 2F
2-2: Fly out, F8 (Flyball, 8RD, EV 101.9 MPH)
Batting: RHB James Hemwick 0-0: Ball
1-0: Ball
2-0: Fly out, F6 (Line Drive, 6, EV 68.8 MPH)
Batting: RHB Jimbob Ghostkeeper 0-0: Swinging Strike
0-1: Ball
1-1: Called Strike
1-2: Foul Ball, location: 2F
1-2: Ball
2-2: Foul Ball, location: 2F
2-2: Fly out, F9 (Flyball, 9S, EV 83.1 MPH)
Top of the 1st over - 0 runs, 0 hits, 0 errors, 0 left on base; Athletic Club KC 0 - Vancouver 0
BOTTOM OF THE 1ST
Vancouver Grey Wolves batting - Pitching for Athletic Club KC : RHP Iván Contreras
Pitching: RHP Iván Contreras
Batting: SHB Willie McGirt 0-0: Ball
1-0: Ball
2-0: Called Strike
2-1: Ball
3-1: Called Strike
3-2: Base on Balls
Batting: LHB José Arras 0-0: Ball
Willie McGirt is caught stealing 2nd base 2-6
1-0: Ball
2-0: Ball
3-0: Base on Balls
Batting: RHB José Torres 0-0: Called Strike
0-1: Foul Ball, location: 2F
0-2: Ball
1-2: Foul Ball, location: 2F
1-2: Ball
2-2: Ball
3-2: Grounds into double play, 6-4-3 (Groundball, 56, EV 96.2 MPH)
Bottom of the 1st over - 0 runs, 0 hits, 0 errors, 0 left on base; Athletic Club KC 0 - Vancouver 0
TOP OF THE 2ND
Athletic Club KC batting - Pitching for Vancouver Grey Wolves : LHP Gerardo Pagán
Batting: SHB Mike Ríos 0-0: Ball
1-0: Swinging Strike
1-1: Ball
2-1: Called Strike
2-2: Strikes out looking
Batting: RHB Karel van Capelle 0-0: Ball
1-0: Ball
2-0: Ground out 6-3 (Groundball, 6, EV 87.5 MPH)
Batting: RHB Luis Tañón 0-0: Ball
1-0: Ball
2-0: Ball
3-0: Base on Balls
Batting: RHB Scott Dourque 0-0: Ball
1-0: Swinging Strike
1-1: Called Strike
1-2: Strikes out looking
Top of the 2nd over - 0 runs, 0 hits, 0 errors, 1 left on base; Athletic Club KC 0 - Vancouver 0
BOTTOM OF THE 2ND
Vancouver Grey Wolves batting - Pitching for Athletic Club KC : RHP Iván Contreras
Batting: RHB Rafael Maldonado 0-0: Ball
1-0: Ball
2-0: Ball
3-0: Called Strike
3-1: Swinging Strike
3-2: Strikes out swinging
Batting: LHB Javier Caceres 0-0: Ball
1-0: Called Strike
1-1: Swinging Strike
1-2: Foul Ball, location: 2F
1-2: Strikes out looking
Batting: SHB John Hawley 0-0: Called Strike
0-1: Ground out 4-3 (Groundball, 4M, EV 88.8 MPH)
Bottom of the 2nd over - 0 runs, 0 hits, 0 errors, 0 left on base; Athletic Club KC 0 - Vancouver 0
TOP OF THE 3RD
Athletic Club KC batting - Pitching for Vancouver Grey Wolves : LHP Gerardo Pagán
Batting: RHB Gerold Olthof 0-0: Ball
1-0: Foul Ball, location: 2F
1-1: Called Strike
1-2: Ball
2-2: Strikes out swinging
Batting: LHB Cisco Hernández 0-0: Swinging Strike
0-1: Bunt for hit to 23 - play at first, batter safe!
Batting: RHB Ali Ben Bongo 0-0: Fielders Choice at 2nd, 1-6 (Groundball, 34S, EV 85.6 MPH)
Batting: RHB James Hemwick 0-0: Ball
1-0: Called Strike
1-1: Ball
2-1: Fly out, F8 (Line Drive, 8LM, EV 99.4 MPH)
Top of the 3rd over - 0 runs, 1 hit, 0 errors, 1 left on base; Athletic Club KC 0 - Vancouver 0
BOTTOM OF THE 3RD
Vancouver Grey Wolves batting - Pitching for Athletic Club KC : RHP Iván Contreras
Batting: LHB Cameron Woolever 0-0: Called Strike
0-1: Called Strike
0-2: Ball
1-2: Ball
2-2: Foul Ball, location: 2F
2-2: Foul Ball, location: 2F
2-2: Ball
3-2: SINGLE (Flyball, 9S, EV 86.2 MPH)
Batting: RHB Alejandro Cantú 0-0: Ball
1-0: Ball
2-0: Fielders Choice at 2nd, 6-4 (Groundball, 6D, EV 87.5 MPH)
Batting: RHB Kao-tsu Koo 0-0: Ball
1-0: Called Strike
1-1: Swinging Strike
1-2: Strikes out swinging
Batting: SHB Willie McGirt 0-0: Ball
1-0: Called Strike
1-1: Ball
2-1: Foul Ball, location: 2F
2-2: Ball
3-2: Base on Balls
Alejandro Cantú to second
Batting: LHB José Arras 0-0: Foul Ball, location: 2F
0-1: Ball
1-1: Ball
2-1: Foul Ball, location: 2F
2-2: Fly out, F9 (Flyball, 89D, EV 107.5 MPH)
Bottom of the 3rd over - 0 runs, 1 hit, 0 errors, 2 left on base; Athletic Club KC 0 - Vancouver 0
TOP OF THE 4TH
Athletic Club KC batting - Pitching for Vancouver Grey Wolves : LHP Gerardo Pagán
Batting: RHB Jimbob Ghostkeeper 0-0: Ball
1-0: Called Strike
1-1: Foul Ball, location: 2F
1-2: Ball
2-2: Foul Ball, location: 2F
2-2: Strikes out looking
Batting: SHB Mike Ríos 0-0: Ball
1-0: Ball
2-0: Called Strike
2-1: SINGLE (Groundball, 6MD, EV 96.9 MPH)
Batting: RHB Karel van Capelle 0-0: Called Strike
0-1: Ball
1-1: SINGLE (Flyball, 8LS, EV 90.0 MPH)
Mike Ríos to second
Runner from 2nd tries for 3rd, SAFE, throw by CF made to third
Batting: RHB Luis Tañón 0-0: Ball
Karel van Capelle is caught stealing 2nd base 2-4
1-0: Called Strike
1-1: Ball
2-1: Ball
3-1: Base on Balls
Batting: RHB Scott Dourque 0-0: Ball
1-0: Ball
2-0: Ball
3-0: Base on Balls
Luis Tañón to second
Batting: RHB Gerold Olthof 0-0: Foul Ball, location: 2F
0-1: Called Strike
0-2: Fly out, F8 (Flyball, 8RXD, EV 89.4 MPH)
Top of the 4th over - 0 runs, 2 hits, 0 errors, 3 left on base; Athletic Club KC 0 - Vancouver 0
BOTTOM OF THE 4TH
Vancouver Grey Wolves batting - Pitching for Athletic Club KC : RHP Iván Contreras
Batting: RHB José Torres 0-0: Ball
1-0: Called Strike
1-1: SINGLE (Line Drive, 89M, EV 104.4 MPH)
Batting: RHB Rafael Maldonado 0-0: Called Strike
0-1: Foul Ball, location: 2F
0-2: Ball
1-2: Ball
2-2: Ball
3-2: Strikes out swinging
Batting: LHB Javier Caceres 0-0: Called Strike
0-1: Foul Ball, location: 2F
0-2: SINGLE (Line Drive, 6D, EV 96.2 MPH)
José Torres to second
Batting: SHB John Hawley 0-0: Foul Ball, location: 2F
0-1: Called Strike
0-2: Ball
1-2: Ball
2-2: Strikes out swinging
Batting: LHB Cameron Woolever 0-0: Swinging Strike
0-1: Foul Ball, location: 2F
0-2: Ball
1-2: Foul Ball, location: 2F
1-2: Strikes out swinging
Bottom of the 4th over - 0 runs, 2 hits, 0 errors, 2 left on base; Athletic Club KC 0 - Vancouver 0
TOP OF THE 5TH
Athletic Club KC batting - Pitching for Vancouver Grey Wolves : LHP Gerardo Pagán
Batting: LHB Cisco Hernández 0-0: Ball
1-0: Fly out, F7 (Flyball, 78S, EV 83.1 MPH)
Batting: RHB Ali Ben Bongo 0-0: Called Strike
0-1: SINGLE (Flyball, 89M, EV 83.8 MPH)
Batting: RHB James Hemwick 0-0: Ball
1-0: Called Strike
1-1: Ball
2-1: SINGLE (Groundball, 56, EV 101.9 MPH) (infield hit)
Ali Ben Bongo to second
Batting: RHB Jimbob Ghostkeeper 0-0: SINGLE (Line Drive, 78S, EV 109.4 MPH)
Ali Ben Bongo to third
James Hemwick to second
Batting: SHB Mike Ríos 0-0: Ball
1-0: Swinging Strike
1-1: Ball
2-1: Foul Ball, location: 2F
2-2: Grounds into double play, 6-4-3 (Groundball, 6, EV 80.0 MPH)
Top of the 5th over - 0 runs, 3 hits, 0 errors, 2 left on base; Athletic Club KC 0 - Vancouver 0
BOTTOM OF THE 5TH
Vancouver Grey Wolves batting - Pitching for Athletic Club KC : RHP Iván Contreras
Batting: RHB Alejandro Cantú 0-0: Ball
1-0: Swinging Strike
1-1: Foul Ball, location: 2F
1-2: SOLO HOME RUN (Flyball, 78XD, EV 90.6 MPH), Distance : 406 ft
Batting: RHB Kao-tsu Koo 0-0: DOUBLE (Line Drive, 5D, EV 99.4 MPH)
Batting: SHB Willie McGirt 0-0: Called Strike
0-1: Swinging Strike
0-2: Fly out, F9 (Flyball, 9LM, EV 83.8 MPH)
Batting: LHB José Arras 0-0: SINGLE (Groundball, 4D, EV 101.9 MPH)
Kao-tsu Koo to third
Batting: RHB José Torres 0-0: Called Strike
0-1: Ball
1-1: Ball
2-1: Ball
3-1: Called Strike
3-2: Foul Ball, location: 2F
3-2: Base on Balls
José Arras to second
Batting: RHB Rafael Maldonado 0-0: Reached on error, E6 (Groundball, 6, EV 86.2 MPH)
Kao-tsu Koo scores
José Arras to third
José Torres to second
Batting: LHB Javier Caceres 0-0: Ball
1-0: SINGLE (Groundball, 34S, EV 71.9 MPH) (infield hit)
José Arras scores
José Torres to third
Rafael Maldonado to second
Batting: SHB John Hawley 0-0: Called Strike
0-1: Foul Ball, location: 2F
0-2: Ball
1-2: DOUBLE (Flyball, 89XD, EV 93.1 MPH)
José Torres scores
Rafael Maldonado scores
Javier Caceres to third
Runner from 3rd tries for Home, SAFE, no throw by CF
Batting: LHB Cameron Woolever 0-0: Ball
John Hawley is caught stealing 3rd base 2-5
1-0: SINGLE (Line Drive, 89M, EV 105.6 MPH)
Batting: RHB Alejandro Cantú 0-0: Reached on error, E5 (Groundball, 56S, EV 69.4 MPH)
Cameron Woolever to second
Batting: RHB Kao-tsu Koo 0-0: Ball
1-0: Ball
2-0: Foul Ball, location: 2F
2-1: 3-RUN HOME RUN (Flyball, 7LD, EV 89.4 MPH), Distance : 333 ft
Pitching: RHP Dan Smith
Batting: SHB Willie McGirt 0-0: Ball
1-0: Foul Ball, location: 2F
1-1: Ball
2-1: Foul Ball, location: 2F
2-2: Foul Ball, location: 2F
2-2: Ball
3-2: Ground out 4-3 (Groundball, 4, EV 78.8 MPH)
Bottom of the 5th over - 9 runs, 7 hits, 2 errors, 0 left on base; Athletic Club KC 0 - Vancouver 9
TOP OF THE 6TH
Athletic Club KC batting - Pitching for Vancouver Grey Wolves : LHP Gerardo Pagán
Batting: RHB Karel van Capelle 0-0: Ball
1-0: Ball
2-0: Ball
3-0: Called Strike
3-1: SINGLE (Groundball, 6D, EV 93.8 MPH)
Batting: RHB Luis Tañón Pickoff Throw to First - Out! 1-3
0-0: Ball
1-0: Called Strike
1-1: Swinging Strike
1-2: Foul Ball, location: 2F
1-2: Strikes out swinging
Pitching: RHP Trevor Brohard
Batting: RHB Scott Dourque 0-0: Ball
1-0: Fly out, F9 (Flyball, 89S, EV 76.9 MPH)
Top of the 6th over - 0 runs, 1 hit, 0 errors, 0 left on base; Athletic Club KC 0 - Vancouver 9
BOTTOM OF THE 6TH
Vancouver Grey Wolves batting - Pitching for Athletic Club KC : RHP Dan Smith
Batting: LHB José Arras 0-0: Ball
1-0: Fly out, F8 (Flyball, 78S, EV 75.6 MPH)
Batting: RHB José Torres 0-0: Called Strike
0-1: Ball
1-1: Foul Ball, location: 2F
1-2: Ball
2-2: Ball
3-2: Foul Ball, location: 2F
3-2: Foul Ball, location: 2F
3-2: SOLO HOME RUN (Flyball, 9D, EV 100.6 MPH), Distance : 336 ft
Batting: RHB Rafael Maldonado 0-0: SOLO HOME RUN (Flyball, 78XD, EV 96.9 MPH), Distance : 406 ft
Batting: LHB Javier Caceres 0-0: Ball
1-0: Ball
2-0: Ground out 5-3 (Groundball, 56, EV 77.5 MPH)
Batting: SHB John Hawley 0-0: Ball
1-0: SINGLE (Groundball, 4D, EV 103.1 MPH)
Batting: LHB Cameron Woolever 0-0: Swinging Strike
0-1: Ball
1-1: Ball
2-1: Fly out, F7 (Flyball, 7S, EV 83.1 MPH)
Bottom of the 6th over - 2 runs, 3 hits, 0 errors, 1 left on base; Athletic Club KC 0 - Vancouver 11
TOP OF THE 7TH
Athletic Club KC batting - Pitching for Vancouver Grey Wolves : RHP Trevor Brohard
Batting: RHB Gerold Olthof 0-0: Called Strike
0-1: Swinging Strike
0-2: Strikes out swinging
Batting: LHB Cisco Hernández 0-0: Ball
1-0: Ball
2-0: Fly out, F8 (Flyball, 8LM, EV 87.5 MPH)
Batting: RHB Ali Ben Bongo 0-0: Fly out, F8 (Flyball, 8LM, EV 91.2 MPH)
Top of the 7th over - 0 runs, 0 hits, 0 errors, 0 left on base; Athletic Club KC 0 - Vancouver 11
BOTTOM OF THE 7TH
Vancouver Grey Wolves batting - Pitching for Athletic Club KC : RHP Dan Smith
Batting: RHB Alejandro Cantú 0-0: Ball
1-0: Foul Ball, location: 2F
1-1: Fly out, F9 (Flyball, 9S, EV 93.1 MPH)
Batting: RHB Kao-tsu Koo 0-0: Foul Ball, location: 2F
0-1: Ground out 4-3 (Groundball, 4, EV 104.4 MPH)
Batting: SHB Willie McGirt 0-0: Called Strike
0-1: Ball
1-1: Fly out, F7 (Flyball, 7LS, EV 81.9 MPH)
Bottom of the 7th over - 0 runs, 0 hits, 0 errors, 0 left on base; Athletic Club KC 0 - Vancouver 11
TOP OF THE 8TH
Athletic Club KC batting - Pitching for Vancouver Grey Wolves : RHP Trevor Brohard
Batting: RHB James Hemwick 0-0: Called Strike
0-1: Ball
1-1: Fly out, F7 (Flyball, 7S, EV 88.1 MPH)
Batting: RHB Jimbob Ghostkeeper 0-0: Swinging Strike
0-1: Called Strike
0-2: Fly out, F7 (Line Drive, 8LM, EV 103.1 MPH)
Batting: SHB Mike Ríos 0-0: Ball
1-0: Ball
2-0: Called Strike
2-1: Swinging Strike
2-2: Foul Ball, location: 2F
2-2: Strikes out looking
Top of the 8th over - 0 runs, 0 hits, 0 errors, 0 left on base; Athletic Club KC 0 - Vancouver 11
BOTTOM OF THE 8TH
Vancouver Grey Wolves batting - Pitching for Athletic Club KC : RHP Dan Smith
Batting: LHB José Arras 0-0: Called Strike
0-1: Ball
1-1: Foul Ball, location: 2F
1-2: Foul Ball, location: 2F
1-2: Foul Ball, location: 2F
1-2: SINGLE (Flyball, 5D, EV 90.0 MPH)
Pitching: RHP Ray McKendrick
Batting: RHB José Torres 0-0: Fly out, F5 (Popup, 5F, EV 80.6 MPH)
Batting: RHB Rafael Maldonado 0-0: Ball
1-0: Ball
2-0: Called Strike
2-1: Ball
3-1: 2-RUN HOME RUN (Flyball, 8RXD, EV 106.9 MPH), Distance : 417 ft
Batting: LHB Javier Caceres 0-0: Ball
1-0: Ball
2-0: Called Strike
2-1: SINGLE (Groundball, 34, EV 90.0 MPH) (infield hit)
Pinch Hitting: RHB Phil van Oosterom 0-0: Swinging Strike
0-1: Ball
1-1: Ball
2-1: Ball
3-1: Grounds into double play, 1-6-3 (Groundball, 13S, EV 72.5 MPH)
Bottom of the 8th over - 2 runs, 3 hits, 0 errors, 0 left on base; Athletic Club KC 0 - Vancouver 13
TOP OF THE 9TH
Athletic Club KC batting - Pitching for Vancouver Grey Wolves : RHP Trevor Brohard
Now at 3B: Phil van Oosterom
Batting: RHB Karel van Capelle 0-0: Ball
1-0: TRIPLE (Flyball, 78XD, EV 99.4 MPH)
Batting: RHB Luis Tañón 0-0: Ball
1-0: Called Strike
1-1: Ball
2-1: Ball
3-1: Base on Balls
Batting: RHB Scott Dourque 0-0: Ball
1-0: Called Strike
1-1: Ball
2-1: Ball
3-1: Base on Balls
Luis Tañón to second
Batting: RHB Gerold Olthof 0-0: Ball
1-0: Called Strike
1-1: Called Strike
1-2: Strikes out swinging
Batting: LHB Cisco Hernández 0-0: Called Strike
0-1: Ball
1-1: Foul Ball, location: 2F
1-2: SINGLE (Groundball, 34D, EV 102.5 MPH)
Karel van Capelle scores
Luis Tañón to third
Scott Dourque to second
Batting: RHB Ali Ben Bongo 0-0: Ball
1-0: Called Strike
1-1: SINGLE (Line Drive, 89M, EV 95.0 MPH)
Luis Tañón scores
Scott Dourque to third
Cisco Hernández to second
Batting: RHB James Hemwick 0-0: Called Strike
0-1: Swinging Strike
0-2: SINGLE (Line Drive, 8RS, EV 110.6 MPH)
Scott Dourque scores
Cisco Hernández to third
Ali Ben Bongo to second
Batting: RHB Jimbob Ghostkeeper 0-0: Ball
1-0: Called Strike
1-1: Ball
2-1: SINGLE (Groundball, 6MD, EV 98.8 MPH)
Cisco Hernández scores
Ali Ben Bongo to third
James Hemwick to second
Pitching: RHP Terry Lesage
Batting: SHB Mike Ríos 0-0: Called Strike
0-1: Ball
1-1: Ball
2-1: Foul Ball, location: 2F
2-2: Foul Ball, location: 2F
2-2: Fly out, F9 (Flyball, 89M, EV 84.4 MPH)
Runner from 3rd tags up, SCORES, no throw by RF
Batting: RHB Karel van Capelle 0-0: Swinging Strike
0-1: Ball
1-1: Ball
2-1: Fly out, F7 (Line Drive, 7S, EV 101.9 MPH)
Top of the 9th over - 5 runs, 5 hits, 0 errors, 2 left on base; Athletic Club KC 5 - Vancouver 13
Friday, March 26th, 2021 - OOTP Baseball 20.8 Build 74